 Dungeon Crawl Stone Soup version 0.21-a0-286-g6fcecc0 (webtiles) character file.

178100 zero the Executioner (level 17, -3/237 HPs)
             Began as a Minotaur Berserker on Sept 25, 2017.
             Was a High Priest of Trog.
             Slain by a caustic shrike (10 damage)
             ... called by a spriggan druid
             ... on level 1 of the Depths on Sept 26, 2017.
             The game lasted 01:01:44 (24457 turns).

zero the Executioner (Minotaur Berserker)          Turns: 24457, Time: 01:01:45

Health: -3/237     AC: 23    Str: 35    XL:     17   Next: 56%
Magic:  22/22      EV:  2    Int:  5    God:    Trog [*****.]
Gold:   2007       SH:  0    Dex: 13    Spells: 16/16 levels left

rFire    . . .     SeeInvis .   Q - +6 battleaxe (vamp)
rCold    . . .     Gourm    .   (shield currently unavailable)
rNeg     + + +     Faith    .   p - +0 plate armour
rPois    ∞         Spirit   .   O - +2 hat
rElec    .         Reflect  .   n - +2 cloak {+Inv}
rCorr    .         Harm     .   G - +2 pair of gloves
MR       .....                  s - +2 pair of boots {Stlth+}
Stlth    ..........             C - amulet of regeneration
HPRegen  0.89/turn              U - ring of the Octopus King {Wiz AC+1 EV+1 Str+1 Int+1 Dex+1}
MPRegen  0.18/turn              g - ring of Avefagg {Wiz rN++ MR- Str+2}

@: berserking (expiring), petrified, corroded
A: retaliatory headbutt, horns 2
a: Berserk, Trog's Hand, Brothers in Arms, Burn Spellbooks, Renounce Religion,
Evoke Invisibility


You were on level 1 of the Depths.
You worshipped Trog.
Trog was extremely pleased with you.
You were not hungry.

You visited 5 branches of the dungeon, and saw 27 of its levels.
You visited the Abyss 1 time.
You also visited: Ice Cave.

You collected 2414 gold pieces.
You spent 407 gold pieces at shops.

Inventory:

Hand Weapons
 Q - a +6 vampiric battleaxe (weapon)
Armour
 n - a +2 cloak of invisibility (worn)
 p - a +0 plate armour (worn)
 s - a +2 pair of boots of stealth (worn)
 G - a +2 pair of gloves (worn)
 O - a +2 hat (worn)
Jewellery
 g - the ring of Avefagg (right hand) {Wiz rN++ MR- Str+2}
   (You found it in an ice cave)

   [ring of wizardry]

   It improves your spell success rate.
   It affects your strength (+2).
   It greatly protects you from negative energy.
   It affects your resistance to hostile enchantments.
 C - an amulet of regeneration (around neck)
 U - a ring of the Octopus King (left hand) {Wiz AC+1 EV+1 Str+1 Int+1 Dex+1}
   (You found it on level 15 of the Dungeon)

   [ring of wizardry]

   It improves your spell success rate.
   It affects your AC (+1).
   It affects your evasion (+1).
   It affects your strength (+1).
   It affects your intelligence (+1).
   It affects your dexterity (+1).
 W - an uncursed ring of resist corrosion
Wands
 q - a wand of iceblast (7/15)
 w - a wand of lightning (6/15)
 z - a wand of confusion (17/48)
 J - a wand of lightning (7/15)
 M - a wand of digging (13/24)
 P - a wand of scattershot (1/9)
 S - a wand of flame (14/48)
Scrolls
 d - 12 scrolls of remove curse
 f - 3 scrolls of fear
 j - 13 scrolls of teleportation
 o - 2 scrolls of blinking
 r - 2 scrolls of recharging
 t - 4 scrolls of immolation
 u - a scroll of summoning
 v - 4 scrolls of identify
Potions
 b - 4 potions of agility
 e - 4 potions of haste
 h - 3 potions of flight
 i - a potion of brilliance
 k - 3 potions of invisibility
 l - 4 potions of ambrosia
 x - 4 potions of cancellation
 A - 2 potions of might
 B - 2 potions of resistance
 H - 6 potions of curing
 N - a potion of magic
Miscellaneous
 y - a phial of floods
 F - a sack of spiders
 I - 3 boxes of beasts
 L - a lightning rod (4/4)
Comestibles
 a - 2 chunks of flesh
 c - 15 bread rations
 m - a fruit


   Skills:
 + Level 16.1 Fighting
 * Level 21.4 Axes
 + Level 16.2 Armour
 + Level 15.2 Dodging
 - Level 9.0 Evocations


You had 16 spell levels left.
You didn't know any spells.

Dungeon Overview and Level Annotations

Branches:
Dungeon (15/15)            Temple (0/1) D:4            Lair (6/6) D:11
  Swamp (0/4) Lair:4        Snake (0/4) Lair:3        Slime (0/5) Lair:6
    Orc (2/2) D:11            Elf (3/3) Orc:2        Vaults (0/5) D:13
 Depths (1/5) D:15

Altars:
Ashenzari
Trog
Zin
Jiyva

Shops:
D:7 [   D:11 *   Orc:2 }*%[   Elf:2 %

Portals:
Trove: Elf:2 (give +4 storm dragon scales)

Annotations:
Lair:3 exclusion: 2 oklob plants
Depths:1 exclusion: orange crystal statue


Innate Abilities, Weirdness & Mutations

You reflexively headbutt those who attack you in melee.
You have a pair of horns on your head.


Message History

The 11-headed hydra barely misses you. The 11-headed hydra bites you.
The 11-headed hydra bites you but does no damage. x2
The anaconda is engulfed in calcifying dust.
The caustic shrike claws you!!
* * * LOW HITPOINT WARNING * * *
The acid corrodes you!
You are splashed with acid!
The acid burns!
* * * LOW HITPOINT WARNING * * *
The anaconda is engulfed in calcifying dust.
The caustic shrike barely misses you.
The catoblepas gores you but does no damage.
The 11-headed hydra bites you!
* * * LOW HITPOINT WARNING * * *
The 11-headed hydra bites you but does no damage. x2
The 11-headed hydra bites you.
The 11-headed hydra bites you but does no damage. x4
The 11-headed hydra bites you.
* * * LOW HITPOINT WARNING * * *
The 11-headed hydra bites you but does no damage. x2
The caustic shrike claws you!!
You die...

............####.#
#..(8
........(...# #.#
#..[8
............# #.#
............# #.#
............# #.#
............# #.#
......†)S...#
#)###
......[DY...#
#...+
......D@b...#
#.###
.........†..####.#
............'....#
............######
#############


You could see a caustic shrike, an ice dragon (petrified), a catoblepas, a
11-headed hydra and an anaconda (petrified).

Vanquished Creatures
  Nikola (Elf:2)
  Rupert (D:13)
  An Executioner (Abyss:2)
  Frances (Elf:1)
  A tengu reaver (Depths:1)
  Donald (Orc:2)
  An orc warlord (Orc:2)
  A frost giant (D:15)
  Louise (Elf:1)
  2 stone giants (Depths:1)
  A deep elf annihilator (Elf:2)
  Azrael (Elf:1)
  A deep elf death mage (Elf:1)
  2 ettins
  2 ice dragons (Depths:1)
  9 hydras
  A rakshasa (Depths:1)
  7 centaur warriors
  An anaconda (Depths:1)
  Erolcha (Orc:2)
  3 catoblepae
  16 two-headed ogres
  22 dancing weapons
  4 ogre magi
  4 tengu warriors
  5 death yaks (Lair:6)
  A deep troll shaman (Lair:6)
  4 orc high priests (Orc:2)
  Sonja (D:14)
  13 deep elf knights
  A wretched star (Abyss:2)
  4 skeletal warriors (D:15)
  A spriggan druid (Depths:1)
  4 unseen horrors
  The ghost of p0werm0de the Chiller, a novice OpIE of Cheibriados (D:9)
  A glowing orange brain (Depths:1)
  A flayed ghost (Depths:1)
  Pikel (D:6)
  4 deep elf archers
  2 wizards
  A lindwurm (Depths:1)
  11 ugly things
  6 orc sorcerers
  2 cyclopes (D:15)
  28 deep elf magi
  7 orc knights
  A wolf spider (D:14)
  3 manticores
  4 black mambas
  3 centaur zombies
  12 elephants
  An ice statue (IceCv)
  3 gargoyles
  A molten gargoyle (D:13)
  8 spiny frogs
  7 komodo dragons
  2 rime drakes
  An efreet (D:9)
  5 yaktaurs (Depths:1)
  2 tengu conjurers (D:14)
  11 trolls
  7 dream sheep (Lair:6)
  3 polar bears (Lair:6)
  18 slime creatures
  16 blink frogs
  Prince Ribbit (D:6)
  7 hippogriffs
  A dream sheep (shapeshifter) (Elf:2)
  2 air elementals
  A spriggan (D:7)
  A starcursed mass (Abyss:2)
  A water elemental (Elf:2)
  47 yaks
  7 fire elementals
  Grum (D:8)
  3 basilisks
  13 humans (D:13)
  A steam dragon (Lair:4)
  A chaos spawn (Abyss:2)
  4 vampire mosquitoes (Lair:4)
  A hungry ghost (D:9)
  3 wargs
  Menkaure (D:7)
  3 large abominations (Elf:1)
  12 porcupines
  6 hell hounds
  Duvessa (D:4)
  Edmund (D:6)
  11 water moccasins
  2 slaves (D:6)
  38 orc warriors
  9 ice beasts
  A sky beast (D:13)
  2 black bears
  3 phantoms
  20 wolves
  25 ogres
  18 centaurs
  19 crocodiles
  2 small abominations (Abyss:2)
  A big kobold (D:14)
  3 elf zombies (Elf:1)
  19 bullfrogs
  Dowan (D:4)
  3 earth elementals
  2 scorpions
  9 killer bees
  3 howler monkeys
  2 electric eels
  9 wights
  8 crimson imps
  2 quasits
  A jelly (D:9)
  2 bullfrog zombies
  A bullfrog skeleton (D:6)
  6 hounds
  22 orc priests
  36 orc wizards
  Terence (D:3)
  Jessica (D:2)
  7 centaur skeletons
  4 iguanas
  Natasha (D:4)
  14 worker ants
  A hound skeleton (D:9)
  A howler monkey zombie (D:9)
  2 worker ant zombies
  3 gnolls (D:2)
  A howler monkey skeleton (D:4)
  10 adders
  2 shadow imps
  An ooze (D:2)
  An adder zombie (D:5)
  2 adder skeletons
  A worm (D:3)
  2 dart slugs
  9 leopard geckos
  86 orcs
  8 bats
  6 giant cockroaches
  11 goblins
  11 hobgoblins
  16 jackals
  9 kobolds
  5 quokkas
  2 ball pythons
  4 frilled lizards (D:3)
  A jackal skeleton (D:7)
  3 rats
  2 fungi
  10 plants
930 creatures vanquished.

Vanquished Creatures (collateral kills)
  An entropy weaver (shapeshifter) (D:15)
  Nessos (D:13)
  The ghost of Syneil the Bludgeoner, a journeyman GrGl of Wu Jian (IceCv)
  2 hydras (D:15)
  Urug (D:13)
  A fire crab (D:15)
  A flayed ghost (D:15)
  2 deep elf magi (Elf:2)
  4 ugly things
  2 cyclopes
  2 ice statues (IceCv)
  A spiny frog (Lair:2)
  An ancient zyme (Abyss:2)
  A slime creature (D:13)
  2 small abominations (Abyss:2)
  2 yaks (D:14)
  3 humans (D:13)
  A golden eye (Abyss:2)
  A chaos spawn (Abyss:2)
  A warg (Orc:2)
  3 orc warriors (Orc:2)
  5 ice beasts (IceCv)
  A crimson imp (D:15)
  5 starcursed masses (Abyss:2)
  An orc (Orc:2)
46 creatures vanquished.

Vanquished Creatures (others)
  A bush (Depths:1)
  24 fungi
  34 plants
  2 starspawn tentacles (Abyss:2)
61 creatures vanquished.

Grand Total: 1037 creatures vanquished

Notes
Turn   | Place    | Note
-------+----------+-------------------------------------------
     0 | D:1      | zero the Minotaur Berserker began the quest for the Orb.
     0 | D:1      | Reached XP level 1. HP: 19/19 MP: 0/0
   143 | D:1      | Reached XP level 2. HP: 27/27 MP: 1/1
   401 | D:2      | Noticed an ogre
   407 | D:2      | Reached skill level 4 in Axes
   407 | D:2      | Reached XP level 3. HP: 12/33 MP: 2/2
   409 | D:2      | Killed an ogre
   409 | D:2      | Reached XP level 4. HP: 14/41 MP: 3/3
   748 | D:2      | Reached ** piety under Trog
   748 | D:2      | Reached XP level 5. HP: 47/47 MP: 4/4
  1103 | D:2      | Found a faded altar of an unknown god.
  1216 | D:2      | Noticed Jessica
  1231 | D:2      | Killed Jessica
  1231 | D:2      | Reached skill level 5 in Axes
  1553 | D:3      | Reached skill level 5 in Fighting
  1556 | D:3      | Reached XP level 6. HP: 38/56 MP: 5/5
  1916 | D:3      | Reached *** piety under Trog
  2122 | D:3      | Noticed Terence
  2129 | D:3      | Killed Terence
  2295 | D:3      | Noticed an orc warrior
  2304 | D:3      | Killed an orc warrior
  2310 | D:3      | Reached skill level 5 in Armour
  2487 | D:3      | Reached XP level 7. HP: 61/61 MP: 6/6
  2628 | D:4      | Got a slimy flail
  2629 | D:4      | Identified the +3 flail of Tumult {holy, rN++ Int+3 Dex+3} (You found it on level 4 of the Dungeon)
  2778 | D:4      | Noticed Dowan
  2779 | D:4      | Noticed Duvessa
  2789 | D:4      | Killed Duvessa
  2789 | D:4      | Reached skill level 6 in Axes
  2790 | D:4      | Killed Dowan
  2790 | D:4      | Reached skill level 5 in Dodging
  2906 | D:4      | Found a staircase to the Ecumenical Temple.
  3010 | D:4      | Noticed Natasha
  3014 | D:4      | Killed Natasha
  3014 | D:4      | Reached **** piety under Trog
  3031 | D:5      | Entered Level 5 of the Dungeon
  3274 | D:5      | Reached XP level 8. HP: 69/71 MP: 7/7
  3679 | D:5      | Reached skill level 7 in Axes
  4800 | D:6      | Noticed Prince Ribbit
  4814 | D:6      | Killed Prince Ribbit
  4814 | D:6      | Reached skill level 8 in Axes
  4867 | D:6      | Reached XP level 9. HP: 79/79 MP: 8/8
  5060 | D:6      | Noticed Pikel
  5072 | D:6      | Killed Pikel
  5072 | D:6      | Reached skill level 9 in Axes
  5136 | D:6      | Noticed Edmund
  5143 | D:6      | Killed Edmund
  5308 | D:7      | Noticed a gargoyle
  5312 | D:7      | Killed a gargoyle
  5348 | D:7      | Reached ***** piety under Trog
  5348 | D:7      | Reached skill level 10 in Axes
  5582 | D:7      | Noticed Menkaure
  5587 | D:7      | Killed Menkaure
  5587 | D:7      | Received a gift from Trog
  5662 | D:7      | Found Ytemn's Antique Armour Shoppe.
  5669 | D:7      | Bought a cloak for 121 gold pieces
  5669 | D:7      | Bought a pair of boots for 121 gold pieces
  5695 | D:7      | Reached XP level 10. HP: 90/90 MP: 9/9
  5776 | D:8      | Noticed Grum
  5789 | D:8      | Killed Grum
  5899 | D:8      | Reached skill level 11 in Axes
  6800 | D:9      | Noticed p0werm0de's ghost (novice OpIE)
  6809 | D:9      | Killed p0werm0de's ghost
  6846 | D:9      | Found a shattered altar of Ashenzari.
  6912 | D:9      | Reached skill level 12 in Axes
  6956 | D:9      | Reached skill level 10 in Fighting
  6981 | D:9      | Noticed a deep elf mage
  6986 | D:9      | Reached XP level 11. HP: 86/99 MP: 10/10
  7000 | D:9      | Killed a deep elf mage
  7125 | D:9      | Reached skill level 10 in Armour
  7629 | D:10     | Entered Level 10 of the Dungeon
  7670 | D:10     | Reached skill level 1 in Evocations
  8374 | D:10     | Killed an unseen horror
  8485 | D:11     | Found Zurept's Antique Artefacts.
  8485 | D:11     | Noticed a two-headed ogre
  8490 | D:11     | Killed a two-headed ogre
  8490 | D:11     | Reached skill level 13 in Axes
  8582 | D:11     | Bought a fine crystal amulet for 165 gold pieces
  8583 | D:11     | Identified the amulet "Wielediz" {Spirit Str+2} (You bought it in a shop on level 11 of the Dungeon)
  8631 | D:11     | Found a staircase to the Lair.
  8683 | D:11     | Received a gift from Trog
  8992 | D:11     | Found a staircase to the Orcish Mines.
  9004 | D:11     | Reached skill level 10 in Dodging
  9156 | D:11     | Found a frozen archway.
  9163 | D:11     | Reached skill level 14 in Axes
  9167 | D:11     | Reached XP level 12. HP: 110/110 MP: 13/13
  9177 | IceCv    | Entered an ice cave
  9184 | IceCv    | Noticed Syneil's ghost (journeyman GrGl)
  9188 | IceCv    | Killed Syneil's ghost
  9339 | IceCv    | Got a vibrating lead ring
  9386 | IceCv    | Identified the ring of Avefagg {Wiz rN++ MR- Str+2} (You found it in an ice cave)
  9483 | D:12     | Noticed a two-headed ogre
  9490 | D:12     | Killed a two-headed ogre
  9498 | D:12     | Received a gift from Trog
  9614 | D:12     | Noticed a two-headed ogre
  9619 | D:12     | Killed a two-headed ogre
  9712 | D:12     | Noticed a two-headed ogre
  9720 | D:12     | Killed a two-headed ogre
  9728 | D:12     | Found a flickering gateway to a bazaar.
  9915 | D:12     | Received a gift from Trog
  9922 | D:12     | Reached skill level 15 in Axes
  9959 | D:12     | Found a bloodstained altar of Trog.
 10071 | D:12     | Noticed a two-headed ogre
 10077 | D:12     | Killed a two-headed ogre
 10301 | Lair:1   | Entered Level 1 of the Lair of Beasts
 10525 | Lair:1   | Reached XP level 13. HP: 111/117 MP: 15/15
 10548 | Lair:1   | Got an iridescent trident
 11389 | Lair:3   | Reached skill level 5 in Evocations
 11637 | Lair:3   | Reached skill level 16 in Axes
 11641 | Lair:3   | Received a gift from Trog
 11712 | Lair:3   | Found a staircase to the Snake Pit.
 11761 | Lair:3   | Found a glowing silver altar of Zin.
 12492 | Lair:4   | Found a staircase to the Swamp.
 14171 | Lair:6   | Entered Level 6 of the Lair of Beasts
 14387 | Lair:6   | Reached XP level 14. HP: 127/127 MP: 17/17
 14477 | Lair:6   | Reached ****** piety under Trog
 14553 | Lair:6   | Reached skill level 17 in Axes
 14970 | Lair:6   | Received a gift from Trog
 15259 | Lair:6   | Found a viscous altar of Jiyva.
 15260 | Lair:6   | Found a staircase to the Slime Pits.
 15417 | Lair:6   | Identified a scroll of acquirement
 15418 | Lair:6   | Got a polished hat
 15429 | Lair:6   | Identified the +2 hat of the Learner {+Blink rCorr Str-5 Int-2} (You acquired it on level 6 of the Lair of Beasts)
 15839 | Orc:1    | Entered Level 1 of the Orcish Mines
 15914 | Orc:2    | Entered Level 2 of the Orcish Mines
 15952 | Orc:2    | Noticed Donald
 15973 | Orc:2    | Killed Donald
 16177 | Orc:2    | Noticed an orc warlord
 16183 | Orc:2    | Received a gift from Trog
 16188 | Orc:2    | Killed an orc warlord
 16193 | Orc:2    | Reached skill level 18 in Axes
 16327 | Orc:2    | Found a staircase to the Elven Halls.
 16602 | Orc:1    | Found a bloodstained altar of Trog.
 16781 | Orc:2    | Found Unuestri's Armour Emporium.
 16791 | Orc:2    | Received a gift from Trog
 16812 | Orc:2    | Reached XP level 15. HP: 46/136 MP: 13/19
 16815 | Orc:2    | Noticed Erolcha
 16915 | Orc:2    | Found Huligaoc's Food Emporium.
 16926 | Orc:2    | Killed Erolcha
 16948 | Orc:2    | Found Xeat's General Store.
 16995 | Orc:2    | Found Emakomna's Gadget Shop.
 17508 | D:13     | Found a gate to the Vaults.
 17508 | D:13     | Noticed Nessos
 17508 | D:13     | Noticed Rupert
 17508 | D:13     | Noticed Urug
 17514 | D:13     | Killed Urug
 17522 | D:13     | Killed Rupert
 17531 | D:13     | Killed Nessos
 17585 | D:13     | Got a smoking war axe
 17586 | D:13     | Identified the +3 war axe of Spite {protect, rC- Int+4 Dex+2 Stlth+} (You found it on level 13 of the Dungeon)
 17924 | D:13     | Received a gift from Trog
 18472 | D:14     | Got a shimmering whip
 18730 | D:14     | Reached skill level 19 in Axes
 19438 | D:14     | Noticed Sonja
 19579 | D:14     | Killed Sonja
 19712 | D:15     | Entered Level 15 of the Dungeon
 19869 | D:15     | Received a gift from Trog
 19899 | D:15     | Received a gift from Trog
 19903 | D:15     | Reached XP level 16. HP: 129/147 MP: 21/21
 19953 | D:15     | Found a runed door.
 19972 | D:15     | Found the ring of the Octopus King
 20002 | D:15     | Got a ring of the Octopus King
 20023 | D:15     | Identified a ring of the Octopus King {Wiz AC+1 EV+1 Str+1 Int+1 Dex+1} (You found it on level 15 of the Dungeon)
 20025 | D:15     | Lost intelligence.
 20264 | D:15     | Found a staircase to the Depths.
 20693 | Elf:1    | Entered Level 1 of the Elven Halls
 20861 | Elf:1    | Received a gift from Trog
 20923 | Elf:1    | Noticed Louise
 20994 | Elf:1    | Noticed Azrael
 21076 | Elf:1    | Reached skill level 15 in Fighting
 21082 | Elf:1    | Killed Azrael
 21082 | Elf:1    | Reached skill level 20 in Axes
 21221 | Elf:1    | Reached skill level 15 in Armour
 21430 | Elf:1    | Killed Louise
 21778 | Elf:1    | Noticed Frances
 21787 | Elf:1    | Killed Frances
 21826 | Elf:2    | Found Qiphimm's Food Boutique.
 22096 | Elf:2    | Received a gift from Trog
 22486 | Elf:2    | Found a portal to a secret trove of treasure.
 22620 | Elf:2    | Found a runed gate.
 22620 | Elf:2    | Found a runed gate.
 22620 | Elf:2    | Found a runed gate.
 22881 | Elf:2    | Noticed Nikola
 22887 | Elf:2    | Reached XP level 17. HP: 151/156 MP: 22/22
 22895 | Elf:2    | Killed Nikola
 23078 | Elf:2    | Reached skill level 21 in Axes
 23205 | Elf:3    | Entered Level 3 of the Elven Halls
 23208 | Elf:3    | Received a gift from Trog
 23527 | Depths:1 | Entered Level 1 of the Depths
 23684 | Depths:1 | Reached skill level 15 in Dodging
 24148 | Depths:1 | Cast into level 2 of the Abyss (a wizard)
 24206 | Abyss:2  | Paralysed by accursed screaming for 1 turns
 24387 | Depths:1 | Escaped the Abyss
 24438 | Depths:1 | Noticed a caustic shrike
 24456 | Depths:1 | HP: 7/237 [11-headed hydra[a spriggan druid] (7)]
 24457 | Depths:1 | Slain by a caustic shrike

Vault maps used:
D:1:      dpeg_arrival_simpleton_c, minmay_liquid_box
D:2:      serial_glass, glass_columns_b, glass_columns_a, first_bread,
          chequers_ecumenical_altar_island, grunt_ministairs_6,
          minmay_goblin_kobold_house, uniq_jessica
D:3:      minmay_crystal_water, uniq_terence
D:4:      temple_green, uniq_natasha, uniq_duvessa
D:6:      uniq_prince_ribbit1, uniq_pikel, uniq_edmund
D:7:      serial_shops, shop, the_bakery, uniq_menkaure
D:8:      uniq_grum
D:9:      minmay_the_grid_plus, lemuel_crystal_altar
D:11:     minmay_lair_entry_lava, david_orc_1_choice,
          portal_ice_cave_entry_ice_beasts, nicolae_antique_artefacts
D:12:     serial_shops, bzr_in_the_mist, kennysheep_small_circle
D:13:     david_vaults_3, nicolae_two_hexagons, uniq_urug, uniq_rupert
D:14:     minivault_26, uniq_sonja
D:15:     hangedman_depths_entry_civil_slaughter, minmay_st_funbox
Lair:1:   beast_lair_carwin_1, grunt_megastairs_5
Lair:3:   guppyfry_snake_entry_island, lemuel_centaur_altar,
          minmay_lair_oklob_chamber
Lair:4:   minmay_swamp_entry_swarm, grunt_megastairs_4
Lair:6:   grunt_lair_end_beastmaster, slime_altar_1, grunt_megastairs_2,
          serial_bayou_shore_a
Orc:1:    basic_altar
Orc:2:    st_orc_elflike, uniq_donald, uniq_erolcha
Elf:1:    minmay_elf_necromancy, minivault_11, uniq_louise, uniq_azrael,
          uniq_frances
Elf:2:    serial_shops, shop, nicolae_trove_entry_crystal, uniq_nikola
Elf:3:    minmay_elf_hall_furrowed
Depths:1: hangedman_hanging_gardens, special_room, abyss_entry, hell_entry,
          minmay_misc_feat_tiny, minmay_protected_statue
IceCv:    ice_cave_statue_garden_chambered

Skill      XL: |  1  2  3  4  5  6  7  8  9 10 11 12 13 14 15 16 17 |
---------------+----------------------------------------------------+-----
Fighting       | 4 5 6 7 8 10 11 12 13 14 15 16 | 16.1
Axes           | 4 5 6 8 10 12 14 15 16 18 19 20 21 | 21.4
Armour         | 3 4 5 6 7 8 9 10 11 12 13 14 15 16 | 16.2
Dodging        | 3 4 5 6 7 9 10 11 12 13 14 15 | 15.2
Evocations     | 2 4 6 7 8 9 |  9.0

Action                   |  1- 3 |  4- 6 |  7- 9 | 10-12 | 13-15 | 16-18 || total
-------------------------+-------+-------+-------+-------+-------+-------++-------
Melee: Hand axe          |    30 |   118 |       |       |       |       ||   148
       Headbutt          |     6 |    22 |    50 |    89 |   193 |   126 ||   486
       War axe           |       |     3 |   178 |       |       |       ||   181
       Broad axe         |       |       |    65 |       |       |       ||    65
       Battleaxe         |       |       |     7 |   439 |   834 |   495 ||  1775
       Triple sword      |       |       |       |       |     4 |       ||     4
Invok: Berserk           |     1 |     5 |     6 |    11 |    20 |    11 ||    54
       Burn Spellbooks   |       |       |     1 |     2 |     7 |     4 ||    14
       Brothers in Arms  |       |       |       |     3 |     4 |     3 ||    10
       Trog's Hand       |       |       |       |     3 |     2 |     4 ||     9
 Abil: Evoke Invisibilit |       |       |       |       |       |     2 ||     2
Evoke: Wand              |       |       |       |       |     5 |     4 ||     9
       Box of beasts     |       |       |       |       |       |     1 ||     1
  Use: Scroll            |       |       |    17 |    10 |    15 |     4 ||    46
       Potion            |       |       |       |       |     1 |     1 ||     2
 Stab: Petrified         |       |       |       |       |     4 |     1 ||     5
       Distracted        |       |       |       |       |     1 |       ||     1
       Petrifying        |       |       |       |       |       |     1 ||     1
  Eat: Chunk             |       |     9 |    16 |    19 |    36 |    12 ||    92
       Fruit             |       |       |     1 |     2 |     9 |       ||    12
       Meat ration       |       |       |       |     2 |     2 |     1 ||     5
       Bread ration      |       |       |       |       |     1 |     2 ||     3
       Royal jelly       |       |       |       |       |       |     1 ||     1
Armor: Chain mail        |    20 |    53 |       |       |       |       ||    73
       Animal skin       |     1 |       |       |       |       |       ||     1
       Plate armour      |       |     4 |   134 |   249 |   489 |   333 ||  1209
Dodge: Dodged            |    17 |    67 |   141 |   346 |   701 |   276 ||  1548
       Rpst.: Triple sword |       |       |       |       |     1 |       ||     1

Table legend:
 A = Spawn XP
 B = Non-spawn XP
 C = Spawn XP percentage of total XP
 D = Spawn monster count
 E = Non-spawn monster count
 F = Spawn count percentage of total count
 G = Total turns spent on level
                    A         B        C        D         E        F      G
               +---------+---------+-------+---------+---------+-------+---------
         Total |     452 |  257300 |   0.2 |       4 |     958 |   0.4 | 24457
               +---------+---------+-------+---------+---------+-------+---------
           D:1 |       0 |      23 |   0.0 |       0 |      11 |   0.0 |   397
           D:2 |       0 |     311 |   0.0 |       0 |      33 |   0.0 |  1085
           D:3 |       0 |     446 |   0.0 |       0 |      36 |   0.0 |  1134
           D:4 |       0 |     447 |   0.0 |       0 |      14 |   0.0 |   415
           D:5 |       0 |     851 |   0.0 |       0 |      22 |   0.0 |  1260
           D:6 |       0 |    1795 |   0.0 |       0 |      28 |   0.0 |  1013
           D:7 |       0 |    1939 |   0.0 |       0 |      24 |   0.0 |   546
           D:8 |       0 |    1331 |   0.0 |       0 |      27 |   0.0 |   795
           D:9 |       0 |    6011 |   0.0 |       0 |      46 |   0.0 |   984
          D:10 |       0 |    2055 |   0.0 |       0 |      26 |   0.0 |   858
          D:11 |       0 |    6825 |   0.0 |       0 |      61 |   0.0 |  1166
          D:12 |       0 |    9968 |   0.0 |       0 |      47 |   0.0 |   861
          D:13 |       0 |   16704 |   0.0 |       0 |      57 |   0.0 |   964
          D:14 |       0 |   15481 |   0.0 |       0 |      41 |   0.0 |  1287
          D:15 |       0 |   25822 |   0.0 |       0 |      48 |   0.0 |   790
        Lair:1 |       0 |    4661 |   0.0 |       0 |      24 |   0.0 |   431
        Lair:2 |       0 |    3334 |   0.0 |       0 |      12 |   0.0 |   731
        Lair:3 |       0 |    6804 |   0.0 |       0 |      26 |   0.0 |   889
        Lair:4 |       0 |    5056 |   0.0 |       0 |      21 |   0.0 |   768
        Lair:5 |       0 |    7103 |   0.0 |       0 |      26 |   0.0 |  1336
        Lair:6 |       0 |   24423 |   0.0 |       0 |      71 |   0.0 |  1334
         Orc:1 |       0 |    4310 |   0.0 |       0 |      38 |   0.0 |   432
         Orc:2 |       0 |   18790 |   0.0 |       0 |      70 |   0.0 |  1244
         Elf:1 |       0 |   24111 |   0.0 |       0 |      45 |   0.0 |  1164
         Elf:2 |       0 |   36663 |   0.0 |       0 |      47 |   0.0 |  1384
         Elf:3 |       0 |    3100 |   0.0 |       0 |       5 |   0.0 |    48
      Depths:1 |       0 |   21743 |   0.0 |       0 |      28 |   0.0 |   691
       Abyss:2 |     452 |    4129 |   9.9 |       4 |      12 |  25.0 |   239
         IceCv |       0 |    3064 |   0.0 |       0 |      12 |   0.0 |   211
               +---------+---------+-------+---------+---------+-------+---------
